AoeStats
← Ther_

Black Forest

509453041Analyzed
4v4 RM · 7d ago on Sep 26, 2026· 133m 48s· 8 players
Game mode
Random Map
Map size
Large (8 player)
Population
200
Speed
Normal
Resources
Standard
Victory
Conquest
Starting age
Dark Age
Ending age
Imperial Age
RankedLock teamsTeams togetherTeam positionsShared explorationLock speedFull tech treeHidden civsTurbo modeCheats
Victory
Defeat
🇫🇷 Britons · France
1583
+10
🇫🇷 Britons · France
1491
+13
🇫🇷 Saracens · France
1346
+19
🇫🇷 Khmer · France
1236
+24
🇨🇴 Danes · Colombia
1445
-17
🇹🇷 Vietnamese · Türkiye
1443
-17
🇹🇼 Saxons · Taiwan
1436
-17
🇳🇱 Britons · Netherlands
1381
-15
Tonymontana
6:18 Loom
8:38 Feudal Age
15:45 Fletching
18:54 Padded Archer Armor
19:58 Double-Bit Axe
19:54 Horse Collar
26:27 Castle Age
24:38 Gold Mining
26:29 Crossbowman
27:31 Bodkin Arrow
27:58 Crossbowman
33:22 Bow Saw
35:40 Wheelbarrow
36:40 Ballistics
37:18 Stone Mining
41:32 Heavy Plow
41:50 Hand Cart
45:41 Imperial Age
46:17 Arbalester
48:47 Chemistry
47:52 Bracer
48:08 Leather Archer Armor
51:42 Two-Man Saw
56:39 Yeomen
56:40 Conscription
57:12 Ring Archer Armor
57:45 Hand Cart
61:03 Town Watch
75:23 Hoardings
77:20 Caravan
90:35 Elite Skirmisher
92:41 Hoardings
101:55 Siege Engineers
102:02 Masonry
130:19 Warwolf
ccereal
6:04 Loom
8:25 Feudal Age
9:13 Double-Bit Axe
11:51 Fletching
21:29 Castle Age
20:03 Horse Collar
21:31 Crossbowman
22:07 Bodkin Arrow
22:55 Padded Archer Armor
30:23 Bow Saw
31:11 Wheelbarrow
32:05 Gold Mining
35:16 Imperial Age
33:41 Gold Mining
33:53 Heavy Plow
33:44 Stone Mining
34:22 Ballistics
34:13 Masonry
35:59 Bracer
36:23 Conscription
37:09 Chemistry
35:59 Elite Longbowman
37:17 Yeomen
38:33 Gold Shaft Mining
38:16 Leather Archer Armor
40:25 Coinage
40:06 Guilds
40:14 Warwolf
41:03 Architecture
41:04 Hand Cart
42:07 Ring Archer Armor
42:21 Banking
42:58 Two-Man Saw
43:08 Hoardings
42:32 Town Watch
45:35 Siege Engineers
49:04 Fortified Wall
52:26 Murder Holes
52:53 Caravan
59:07 Treadmill Crane
78:49 Scale Mail Armor
78:59 Forging
79:46 Chain Mail Armor
90:37 Chain Mail Armor
90:24 Squires
89:46 Man-at-Arms
91:25 Iron Casting
90:38 Gambesons
91:52 Plate Mail Armor
91:15 Long Swordsman
91:48 Two-Handed Swordsman
92:41 Champion
94:49 Blast Furnace
94:00 Arson
117:03 Capped Ram
117:10 Onager
117:18 Capped Ram
PayZouZ
1:50 Loom
11:34 Feudal Age
15:05 Castle Age
16:39 Double-Bit Axe
25:24 Husbandry
25:35 Bloodlines
27:55 Forging
27:50 Scale Barding Armor
29:58 Bloodlines
33:10 Horse Collar
37:32 Imperial Age
36:11 Bow Saw
37:54 Chain Barding Armor
38:10 Iron Casting
37:52 Cavalier
40:02 Light Cavalry
41:23 Plate Barding Armor
41:01 Hussar
45:20 Blast Furnace
La Momone 38
4:39 Loom
11:20 Feudal Age
15:35 Castle Age
15:10 Double-Bit Axe
19:31 Horse Collar
24:32 Heavy Plow
25:16 Bow Saw
26:34 Wheelbarrow
27:36 Forging
30:47 Imperial Age
28:37 Gold Mining
29:13 Hand Cart
29:44 Forging
29:40 Scale Barding Armor
30:52 Bloodlines
30:42 Husbandry
30:04 Light Cavalry
31:29 Iron Casting
31:51 Chain Barding Armor
33:04 Two-Man Saw
31:41 Hussar
33:03 Conscription
33:00 Counterweights
34:49 Blast Furnace
34:25 Plate Barding Armor
35:17 Chemistry
36:12 Siege Engineers
36:02 Town Watch
38:37 Town Patrol
42:30 Coinage
44:14 Banking
45:20 Fletching
46:19 Ballistics
47:52 Padded Archer Armor
47:48 Bodkin Arrow
48:04 Crossbowman
48:50 Thumb Ring
49:02 Leather Archer Armor
48:37 Arbalester
50:53 Bracer
51:23 Ring Archer Armor
56:33 Caravan
Yellowping
0:35 Loom
10:04 Feudal Age
10:56 Double-Bit Axe
14:29 Wheelbarrow
13:36 Horse Collar
db74af67
9:51 Feudal Age
13:42 Castle Age
12:19 Double-Bit Axe
12:56 Horse Collar
15:24 Wheelbarrow
15:12 Scale Mail Armor
16:33 Chain Mail Armor
18:09 Pikeman
21:58 Squires
22:55 Forging
23:23 Arson
28:43 Gold Mining
30:20 Iron Casting
36:18 Imperial Age
34:00 Gambesons
37:31 Plate Mail Armor
37:11 Elite Varangian Guard
43:17 Bow Saw
43:08 Heavy Plow
44:47 Hand Cart
44:18 Loom
44:23 Capped Ram
44:40 Capped Ram
47:45 Stone Mining
56:02 Conscription
57:36 Siege Ram
59:17 Shield Wall
61:15 Two-Man Saw
60:36 Fletching
61:39 Gold Shaft Mining
61:21 Halberdier
63:22 Onager
64:32 Bodkin Arrow
67:03 Bracer
69:14 Padded Archer Armor
69:48 Crop Rotation
70:24 Chemistry
69:11 Town Watch
70:06 Siege Engineers
74:04 Caravan
92:04 Guilds
99:58 Thumb Ring
99:22 Elite Skirmisher
100:59 Leather Archer Armor
100:38 Imperial Skirmisher
102:15 Ring Archer Armor
106:48 Coinage
127:07 Man-at-Arms
Ther_
11:07 Feudal Age
12:57 Double-Bit Axe
15:17 Castle Age
13:50 Horse Collar
17:04 Wheelbarrow
18:01 Loom
20:14 Bow Saw
23:46 Fletching
23:57 Padded Archer Armor
24:50 Gold Mining
26:05 Bodkin Arrow
28:52 Leather Archer Armor
35:25 Imperial Age
33:54 Yeomen
34:07 Heavy Plow
34:04 Stone Mining
34:57 Gold Shaft Mining
36:16 Ballistics
36:07 Masonry
36:32 Conscription
36:16 Bracer
37:35 Ring Archer Armor
37:33 Fortified Wall
39:20 Architecture
39:16 Elite Longbowman
40:07 Warwolf
42:51 Hoardings
42:53 Scale Mail Armor
43:03 Forging
44:24 Chemistry
43:41 Siege Engineers
44:43 Treadmill Crane
47:47 Crossbowman
49:05 Elite Skirmisher
49:59 Imperial Skirmisher
54:59 Scale Barding Armor
55:29 Iron Casting
55:39 Hand Cart
55:09 Town Watch
55:43 Chain Mail Armor
54:53 Light Cavalry
55:34 Husbandry
56:23 Chain Barding Armor
57:54 Caravan
68:59 Capped Ram
75:57 Coinage
80:28 Plate Barding Armor
80:54 Blast Furnace
82:34 Banking
82:05 Pikeman
82:46 Squires
82:52 Halberdier
86:58 Chain Mail Armor
108:18 Two-Man Saw
115:05 Arbalester
CTMlLOMBANA
0:48 Loom
11:14 Feudal Age
20:18 Castle Age
30:58 Scale Mail Armor
31:53 Horse Collar
34:00 Squires
35:25 Chain Mail Armor
37:39 Double-Bit Axe
39:10 Wheelbarrow
40:11 Hand Cart
44:55 Imperial Age
42:59 Heavy Plow
42:47 Hamask
44:57 Forging
46:14 Plate Mail Armor
46:45 Conscription
47:50 Elite Jomsviking
49:33 Gold Mining
49:33 Stone Mining
49:56 Bow Saw
50:03 Town Watch
51:36 Iron Casting
54:07 Blast Furnace
52:58 Fletching
53:08 Padded Archer Armor
54:12 Chemistry
53:32 Ballistics
53:47 Town Patrol
54:11 Elite Skirmisher
54:56 Thumb Ring
55:13 Bodkin Arrow
55:58 Gold Shaft Mining
55:58 Stone Shaft Mining
55:02 Imperial Skirmisher
56:12 Bracer
56:30 Leather Archer Armor
57:43 Ring Archer Armor
68:46 Caravan
69:22 Siege Engineers
69:13 Onager
70:30 Scale Barding Armor
76:00 Masonry
76:30 Hoardings
80:14 Arson
79:50 Elite Varangian Guard
80:16 Gambesons
82:10 Pikeman
84:23 Halberdier
84:43 Northmen's Fury
85:48 Chain Barding Armor
86:38 Siege Onager
86:40 Capped Ram
88:13 Siege Ram
96:57 Siege Onager
Connection lost

Rejoining the realm…

Still unreachable

The connection could not be restored.

Session expired

The server has moved on; the page needs a fresh start.